 Dungeon Crawl Stone Soup version 0.27.1-33-g824d729ab1 (webtiles) character file.

Game seed: 2794285564491642851

30 SeanCanFly the Cudgeller (level 3, -14/33 HPs)
             Began as a Minotaur Chaos Knight on Nov 25, 2021.
             Was a Plaything of Xom.
             Demolished by a gnoll (16 damage)
             ... on level 2 of the Dungeon.
             The game lasted 00:01:50 (1104 turns).

SeanCanFly the Cudgeller (Minotaur Chaos Knight)    Turns: 1104, Time: 00:01:52

Health: -14/33     AC:  5    Str: 17    XL:     3   Next: 3%
Magic:  2/2        EV: 11    Int:  9    God:    Xom [..*...]
Gold:   22         SH:  0    Dex:  9    Spells: 2/2 levels left

rFire    . . .     SeeInvis +   a - +0 mace (chaos)
rCold    . . .     Faith    .   (no shield)
rNeg     . . .     Spirit   .   b - +2 leather armour
rPois    .         Reflect  .   (helmet restricted)
rElec    .         Harm     .   (no cloak)
rCorr    .         Rampage  .   (no gloves)
Will     .....                  (no boots)
Stlth    +.........             (no amulet)
HPRegen  0.11/turn              e - ring of see invisible
MPRegen  0.08/turn              (no ring)

@: no status effects
A: horns 2, retaliatory headbutt
a: Renounce Religion


You were on level 2 of the Dungeon.
You worshipped Xom.
You were a toy of Xom.
You visited 1 branch of the dungeon, and saw 2 of its levels.

You collected 22 gold pieces.

Inventory:

Hand Weapons
 a - a +0 mace of chaos (weapon)
Armour
 b - a +2 leather armour (worn)
Jewellery
 e - a ring of see invisible (left hand)
Scrolls
 c - a scroll of fog {unknown}
 d - a scroll of identify {unknown}
 f - a scroll of blinking {unknown}


   Skills:
 + Level 4.0 Fighting
 * Level 4.2 Maces & Flails
 * Level 3.3 Armour
 - Level 1.1 Dodging


You had 2 spell levels left.
You didn't know any spells.
Your spell library contained the following spells:

 Spells                   Type           Power      Damage    Failure   Level
 Animate Skeleton         Necr           0%         N/A       43%         1
 Apportation              Tloc           0%         N/A       43%         1
 Corona                   Hex            0%         N/A       43%         1
 Summon Small Mammal      Summ           0%         N/A       43%         1


Dungeon Overview and Level Annotations

Branches:
Dungeon (2/15)

Altars:

Shops:
D:1 *


Innate Abilities, Weirdness & Mutations

You have a pair of horns on your head.
You reflexively headbutt those who attack you in melee.


Message History

The ball python bites you but does no damage.
You hit the ball python.
The ball python is severely wounded.
The ball python closely misses you.
You hit the ball python.
Lightning courses through the ball python!
You kill the ball python!
You see here a ball python corpse.
e - a ring of see invisible You now have 22 gold pieces (gained 3).
f - a scroll labelled VIUSIL OHOQYATS
e - a ring of see invisible (left hand)
You open the door. 2 gnolls come into view.
The gnoll shouts! x2
A gnoll comes into view. It is wielding a +0 whip.
Found 11 gold pieces.
A giant cockroach comes into view.
The gnoll shouts!
You hear a shout!
The giant cockroach moves out of view.
A gnoll comes into view. It is wielding a +0 halberd.
There is an open door here.
You hit the gnoll. You freeze the gnoll.
The gnoll is moderately wounded.
The gnoll hits you with a +0 flail.
You hit the gnoll.
The gnoll goes berserk!
Xom is mildly amused.
The gnoll is heavily wounded.
The gnoll closely misses you. x2; You furiously retaliate!
You headbutt the gnoll. The gnoll hits you with a +0 flail!
The gnoll misses you. You furiously retaliate!
You headbutt the gnoll. You hit the gnoll.
The gnoll is heavily wounded.
The gnoll hits you with a +0 flail!
* * * LOW HITPOINT WARNING * * *
The gnoll hits you from afar with a +0 halberd.
* * * LOW HITPOINT WARNING * * *
The gnoll hits you with a +0 flail!
You die...
Xom chortles!

#. .# #. .# #. .# #. ###.
.### .. #..+...♣...+....
#..##.B.g.##........
#...##ggg##.........
#....##@##..........
#.....#'#...........
#...................
#................... ##
###...................
...#.....†.......).......
##..........#...††...#...
...................###..#
....................##..#


You could see 4 gnolls and a giant cockroach.

Vanquished Creatures
  A worm (D:2)
  5 ball pythons
  A bat (D:1)
  3 endoplasms (D:1)
  2 giant cockroaches
  A goblin (D:1)
  A hobgoblin (D:1)
  A quokka (D:1)
  4 frilled lizards
  4 kobolds
  3 rats (D:1)
26 creatures vanquished.

Notes
Turn   | Place    | Note
-------+----------+-------------------------------------------
     0 | D:1      | SeanCanFly the Minotaur Chaos Knight began the quest for
                  | the Orb.
     0 | D:1      | Reached XP level 1. HP: 19/19 MP: 0/0
   101 | D:1      | XOM: silly message
   199 | D:1      | Found Kawuh's Assorted Antiques.
   290 | D:1      | Reached XP level 2. HP: 27/27 MP: 1/1
   849 | D:1      | Found a faded altar of an unknown god.
   890 | D:2      | XOM: stealth player
   912 | D:2      | Reached XP level 3. HP: 16/33 MP: 2/2
  1104 | D:2      | Demolished by a gnoll

Illustrated notes

Levels and vault maps discovered:
D:1:      onia_arrival_mini_spirals, layout_basic, serial_shops, shop,
          shapermc_ecumenical_altar_hornbeckon
D:2:      minmay_diamond_boxcup, layout_rooms, grunt_ministairs_15

Skill      XL: |  1  2 |
---------------+-------+-----
Maces & Flails | 4 |  4.2
Armour         | 3 |  3.3
Fighting       | 4 |  4.0
Dodging        | |  1.1

Action                   || total
-------------------------++-------
Melee: Mace              ||    57
       Headbutt          ||     7
 Stab: Sleeping          ||     1
Armor: Leather armour    ||    35
Dodge: Dodged            ||    48
